AAA EAST
GWINNETT STRIPERS @ COLUMBUS CLIPPERS
08/12/2041
 
TOP OF THE 1ST
Gwinnett Stripers batting - Pitching for Columbus Clippers : RHP Tony Franklin
Pitching: RHP Tony Franklin
Batting: RHB Juan Cervantes 0-0: Called Strike
0-1: Foul Ball, location: 2F
0-2: Foul Ball, location: 7LMF
0-2: Ball
1-2: Ball
2-2: Foul Ball, location: 9LSF
2-2: Ball
3-2: DOUBLE (Groundball, 5L, EV 107.5 MPH)
Batting: RHB Chris Sullivan 0-0: Called Strike
0-1: Foul Ball, location: 23F
0-2: Strikes out swinging
Batting: RHB César Plone 0-0: Ball
Wild Pitch!
Juan Cervantes to third
1-0: Ball
2-0: Called Strike
2-1: Foul Ball, location: 2F
2-2: Strikes out looking
Batting: SHB Kevin Hicks 0-0: Ball
1-0: Ball
2-0: Called Strike
2-1: Fly out, F8 (Line Drive, 8RM, EV 76.9 MPH)
Top of the 1st over - 0 runs, 1 hit, 0 errors, 1 left on base; Gwinnett 0 - Columbus 0
BOTTOM OF THE 1ST
Columbus Clippers batting - Pitching for Gwinnett Stripers : RHP Ben Wilkerson
Pitching: RHP Ben Wilkerson
Batting: RHB Ken Ladd 0-0: Ball
1-0: SINGLE (Groundball, 4MD, EV 96.9 MPH)
Batting: LHB Mike Hatfield 0-0: Ball
1-0: Swinging Strike
1-1: Ball
2-1: Ball
3-1: Base on Balls
Ken Ladd to second
Batting: LHB José Fontanez 0-0: Ball
1-0: Swinging Strike
1-1: Ball
2-1: Foul Ball, location: 3FF
2-2: Foul Ball, location: 2F
2-2: Fielders Choice at 2nd, 3-6 (Groundball, 34, EV 109.4 MPH)
Ken Ladd to third
Batting: LHB Greg Curry 0-0: Swinging Strike
0-1: Swinging Strike
0-2: Ball
1-2: Strikes out swinging
Batting: RHB Tony Ávila 0-0: Ball
1-0: Swinging Strike
1-1: Ball
2-1: Ball
3-1: Foul Ball, location: 7LDF
3-2: Foul Ball, location: 2F
3-2: Base on Balls
José Fontanez to second
Batting: LHB Jerry Wilson 0-0: Called Strike
0-1: Ball
1-1: Ball
2-1: Called Strike
2-2: Foul Ball, location: 25F
2-2: Ball
3-2: Ground out 3-1 (Groundball, 34, EV 88.1 MPH)
Bottom of the 1st over - 0 runs, 1 hit, 0 errors, 3 left on base; Gwinnett 0 - Columbus 0
TOP OF THE 2ND
Gwinnett Stripers batting - Pitching for Columbus Clippers : RHP Tony Franklin
Batting: RHB Sean Prince 0-0: Ball
1-0: Foul Ball, location: 2LF
1-1: Ball
2-1: Swinging Strike
2-2: Ball
3-2: Foul Ball, location: 3DF
3-2: Base on Balls
Batting: LHB Víctor Castro 0-0: Fielders Choice at 2nd, 3-6 (Groundball, 3, EV 100.0 MPH)
Batting: RHB Shawn Wright 0-0: Called Strike
0-1: Foul Ball, location: 2F
0-2: Ball
1-2: Ball
2-2: Ball
3-2: Foul Ball, location: 2F
3-2: Base on Balls
Víctor Castro to second
Batting: SHB Rob Alford 0-0: Ball
1-0: Ball
2-0: Called Strike
2-1: Ball
3-1: Called Strike
3-2: Fielders Choice at 2nd, 3-6 (Groundball, 34, EV 81.3 MPH)
Víctor Castro to third
Batting: RHB Dave Stuart 0-0: Ball
1-0: Ball
2-0: Ball
3-0: Called Strike
3-1: Called Strike
Rob Alford steals 2nd base
3-2: SINGLE (Groundball, 34D, EV 104.4 MPH)
Víctor Castro scores
Rob Alford to third
Runner from 3rd tries for Home, SAFE, throw by RF to home
Batting: RHB Juan Cervantes 0-0: Foul Ball, location: 9LDF
0-1: Called Strike
0-2: Ball
1-2: Ball
2-2: Foul Ball, location: 2LF
2-2: Foul Ball, location: 23FF
2-2: Ball
3-2: Foul Ball, location: 2LF
3-2: Strikes out swinging
Top of the 2nd over - 2 runs, 1 hit, 0 errors, 1 left on base; Gwinnett 2 - Columbus 0
BOTTOM OF THE 2ND
Columbus Clippers batting - Pitching for Gwinnett Stripers : RHP Ben Wilkerson
Batting: RHB Ezequiel Alfaro 0-0: SINGLE (Line Drive, 8RS, EV 90.6 MPH)
Batting: RHB Leith Corkum 0-0: Ball
1-0: Ball
Ezequiel Alfaro steals 2nd base
2-0: Ball
3-0: Base on Balls
Batting: RHB Bob Meegan 0-0: Ball
1-0: Ball
2-0: Sac Bunt to 3S - play at third, runner OUT! 3-5
Leith Corkum to second
Batting: RHB Ken Ladd 0-0: Ball
1-0: DOUBLE (Flyball, 9LM, EV 100.6 MPH)
Leith Corkum scores
Bob Meegan to third
Batting: LHB Mike Hatfield 0-0: Ball
1-0: Ball
2-0: Ball
3-0: Base on Balls
Batting: LHB José Fontanez 0-0: Ball
1-0: Foul Ball, location: 2F
1-1: Foul Ball, location: 2F
1-2: Ball
2-2: Ball
3-2: Base on Balls
Bob Meegan scores
Ken Ladd to third
Mike Hatfield to second
Batting: LHB Greg Curry 0-0: Ball
1-0: Swinging Strike
1-1: Grounds into double play, 6-4-3 (Groundball, 6, EV 94.4 MPH)
Bottom of the 2nd over - 2 runs, 2 hits, 0 errors, 2 left on base; Gwinnett 2 - Columbus 2
TOP OF THE 3RD
Gwinnett Stripers batting - Pitching for Columbus Clippers : RHP Tony Franklin
Batting: RHB Chris Sullivan 0-0: Called Strike
0-1: DOUBLE (Flyball, 78D, EV 98.8 MPH)
Batting: RHB César Plone 0-0: Called Strike
0-1: Foul Ball, location: 5F
0-2: Foul Ball, location: 25FF
0-2: Ball
1-2: Foul Ball, location: 2F
1-2: Foul Ball, location: 9LDF
1-2: Fly out, F8 (Flyball, 78M, EV 97.5 MPH)
Batting: SHB Kevin Hicks 0-0: Called Strike
0-1: Foul Ball, location: 7LMF
0-2: DOUBLE (Line Drive, 5D, EV 98.1 MPH)
Chris Sullivan scores
Batting: RHB Sean Prince 0-0: Ball
1-0: Ground out 1-3 (Groundball, 13S, EV 65.6 MPH)
Batting: LHB Víctor Castro 0-0: Foul Ball, location: 5DF
0-1: Foul Ball, location: 25FF
0-2: Ball
1-2: Ball
2-2: Ball
3-2: SINGLE (Groundball, 3S, EV 67.5 MPH) (infield hit)
Kevin Hicks to third
Batting: RHB Shawn Wright 0-0: Ball
1-0: Ball
2-0: Ball
3-0: Base on Balls
Víctor Castro to second
Batting: SHB Rob Alford 0-0: Ball
1-0: Foul Ball, location: 2F
1-1: Ball
2-1: SINGLE (Line Drive, 8RS, EV 90.6 MPH)
Kevin Hicks scores
Víctor Castro to third
Shawn Wright to second
Throwing error, E8
Víctor Castro scores
Shawn Wright to third
Rob Alford to second
Batting: RHB Dave Stuart 0-0: Ball
1-0: Called Strike
1-1: Fly out, F9 (Flyball, 9LS, EV 92.5 MPH)
Top of the 3rd over - 3 runs, 4 hits, 1 error, 2 left on base; Gwinnett 5 - Columbus 2
BOTTOM OF THE 3RD
Columbus Clippers batting - Pitching for Gwinnett Stripers : RHP Ben Wilkerson
Batting: RHB Tony Ávila 0-0: Called Strike
0-1: Ground out 4-3 (Groundball, 4MS, EV 89.4 MPH)
Batting: LHB Jerry Wilson 0-0: Foul Ball, location: 2F
0-1: Swinging Strike
0-2: Strikes out looking
Batting: RHB Ezequiel Alfaro 0-0: Called Strike
0-1: Foul Ball, location: 9LDF
0-2: SINGLE (Flyball, 89S, EV 95.6 MPH) - OUT at second base trying to stretch hit.
Bottom of the 3rd over - 0 runs, 1 hit, 0 errors, 0 left on base; Gwinnett 5 - Columbus 2
TOP OF THE 4TH
Gwinnett Stripers batting - Pitching for Columbus Clippers : RHP Tony Franklin
Batting: RHB Juan Cervantes 0-0: Ball
1-0: Ball
2-0: Fly out, F9 (Flyball, 9D, EV 100.6 MPH)
Batting: RHB Chris Sullivan 0-0: Called Strike
0-1: Ball
1-1: Swinging Strike
1-2: Strikes out looking
Batting: RHB César Plone 0-0: Ball
1-0: Ball
2-0: Ball
3-0: Called Strike
3-1: DOUBLE (Line Drive, 7LS, EV 98.1 MPH)
Pitching: RHP José Campos
Batting: SHB Kevin Hicks 0-0: Ball
1-0: Foul Ball, location: 2F
1-1: Ball
2-1: 2-RUN HOME RUN (Flyball, 78XD, EV 98.8 MPH), Distance : 398 ft
Batting: RHB Sean Prince 0-0: Called Strike
0-1: Foul Ball, location: 5F
0-2: Ball
1-2: Foul Ball, location: 3FF
1-2: Ball
2-2: Foul Ball, location: 5FF
2-2: Fly out, F3 (Popup, 23F, EV 93.8 MPH)
Top of the 4th over - 2 runs, 2 hits, 0 errors, 0 left on base; Gwinnett 7 - Columbus 2
BOTTOM OF THE 4TH
Columbus Clippers batting - Pitching for Gwinnett Stripers : RHP Ben Wilkerson
Batting: RHB Leith Corkum 0-0: Ball
1-0: Ball
2-0: Called Strike
2-1: Ball
3-1: Base on Balls
Batting: RHB Bob Meegan 0-0: Foul Ball, location: 5DF
0-1: Foul Ball, location: 2F
0-2: Ball
1-2: Ball
2-2: Strikes out swinging
Batting: RHB Ken Ladd 0-0: Foul Ball, location: 2F
0-1: Ball
1-1: Ball
2-1: Called Strike
Pickoff Throw to First - Out! 1-3
2-2: Ball
3-2: Ground out 3-1 (Groundball, 34, EV 100.0 MPH)
Bottom of the 4th over - 0 runs, 0 hits, 0 errors, 0 left on base; Gwinnett 7 - Columbus 2
TOP OF THE 5TH
Gwinnett Stripers batting - Pitching for Columbus Clippers : RHP José Campos
Batting: LHB Víctor Castro 0-0: Called Strike
0-1: Ball
1-1: Ball
2-1: Ball
3-1: Foul Ball, location: 2F
3-2: Base on Balls
Batting: RHB Shawn Wright 0-0: Ball
1-0: Foul Ball, location: 2F
1-1: Fly out, F3 (Popup, 34S, EV 78.8 MPH)
Batting: SHB Rob Alford 0-0: Ball
Víctor Castro steals 2nd base
1-0: Foul Ball, location: 7LDF
1-1: Called Strike
1-2: Ball
2-2: Foul Ball, location: 3F
2-2: Foul Ball, location: 23F
2-2: Foul Ball, location: 3FF
2-2: Ball
3-2: Foul Ball, location: 2F
3-2: Base on Balls
Batting: RHB Dave Stuart 0-0: Called Strike
0-1: Swinging Strike
0-2: Foul Ball, location: 2F
0-2: Foul Ball, location: 2F
0-2: Strikes out swinging
Batting: RHB Juan Cervantes 0-0: Fielders Choice at 2nd, 5-4 (Groundball, 56, EV 107.5 MPH)
Top of the 5th over - 0 runs, 0 hits, 0 errors, 2 left on base; Gwinnett 7 - Columbus 2
BOTTOM OF THE 5TH
Columbus Clippers batting - Pitching for Gwinnett Stripers : RHP Ben Wilkerson
Batting: LHB Mike Hatfield 0-0: Foul Ball, location: 5FF
0-1: SINGLE (Line Drive, 4D, EV 96.3 MPH)
Batting: LHB José Fontanez 0-0: Ball
1-0: Foul Ball, location: 2F
1-1: Ball
2-1: Ball
3-1: Base on Balls
Mike Hatfield to second
Batting: LHB Greg Curry 0-0: Called Strike
0-1: Ball
1-1: Ball
2-1: Ball
3-1: Fielders Choice at 2nd, 4-6 (Groundball, 4M, EV 87.5 MPH)
Mike Hatfield to third
Batting: RHB Tony Ávila 0-0: Grounds into double play, 4-6-3 (Groundball, 34, EV 86.3 MPH)
Bottom of the 5th over - 0 runs, 1 hit, 0 errors, 1 left on base; Gwinnett 7 - Columbus 2
TOP OF THE 6TH
Gwinnett Stripers batting - Pitching for Columbus Clippers : RHP José Campos
Batting: RHB Chris Sullivan 0-0: Ground out 6-3 (Groundball, 6S, EV 66.9 MPH)
Batting: RHB César Plone 0-0: Ball
1-0: Swinging Strike
1-1: SINGLE (Groundball, 56D, EV 105.6 MPH)
Batting: SHB Kevin Hicks 0-0: Ball
1-0: Ball
2-0: Grounds into double play, 3-6-3 (Groundball, 3, EV 102.5 MPH)
Top of the 6th over - 0 runs, 1 hit, 0 errors, 0 left on base; Gwinnett 7 - Columbus 2
BOTTOM OF THE 6TH
Columbus Clippers batting - Pitching for Gwinnett Stripers : RHP Ben Wilkerson
Batting: LHB Jerry Wilson 0-0: Ball
1-0: SOLO HOME RUN (Flyball, 9LD, EV 97.5 MPH), Distance : 379 ft
Batting: RHB Ezequiel Alfaro 0-0: Ground out U3 (Groundball, 3, EV 101.3 MPH)
Batting: RHB Leith Corkum 0-0: Ball
1-0: Ball
2-0: Fly out, F8 (Flyball, 8RD, EV 106.3 MPH)
Batting: RHB Bob Meegan 0-0: Called Strike
0-1: Ball
1-1: Ball
2-1: Fly out, F7 (Line Drive, 7LS, EV 83.8 MPH)
Bottom of the 6th over - 1 run, 1 hit, 0 errors, 0 left on base; Gwinnett 7 - Columbus 3
TOP OF THE 7TH
Gwinnett Stripers batting - Pitching for Columbus Clippers : RHP José Campos
Batting: RHB Sean Prince 0-0: Ball
1-0: SINGLE (Line Drive, 56, EV 99.4 MPH)
Batting: LHB Víctor Castro 0-0: Foul Ball, location: 2F
0-1: Called Strike
0-2: Ball
1-2: Strikes out looking
Batting: RHB Shawn Wright 0-0: Foul Ball, location: 25F
0-1: Ball
1-1: TRIPLE (Line Drive, 8LXD, EV 108.8 MPH)
Sean Prince scores
Batting: SHB Rob Alford 0-0: Called Strike
0-1: Ball
1-1: Ball
2-1: Fly out, F9 (Flyball, 9, EV 92.5 MPH)
Runner from 3rd tags up, SCORES, no throw by RF
Batting: RHB Dave Stuart 0-0: Ball
1-0: Ball
2-0: Foul Ball, location: 25F
2-1: Foul Ball, location: 9LSF
2-2: Strikes out swinging
Top of the 7th over - 2 runs, 2 hits, 0 errors, 0 left on base; Gwinnett 9 - Columbus 3
BOTTOM OF THE 7TH
Columbus Clippers batting - Pitching for Gwinnett Stripers : RHP Ben Wilkerson
Pitching: LHP Chris Floyd
Batting: RHB Ken Ladd 0-0: Ball
1-0: Swinging Strike
1-1: Foul Ball, location: 2F
1-2: Ball
2-2: Foul Ball, location: 3FF
2-2: Foul Ball, location: 23FF
2-2: Foul Ball, location: 9LDF
2-2: Ball
3-2: Strikes out swinging
Batting: LHB Mike Hatfield 0-0: Ball
1-0: Called Strike
1-1: Foul Ball, location: 7LSF
1-2: Strikes out swinging
Batting: LHB José Fontanez 0-0: DOUBLE (Flyball, 9LD, EV 110.6 MPH)
Batting: LHB Greg Curry 0-0: Ball
1-0: Called Strike
1-1: Ball
2-1: Ball
3-1: Called Strike
3-2: Strikes out swinging
Bottom of the 7th over - 0 runs, 1 hit, 0 errors, 1 left on base; Gwinnett 9 - Columbus 3
TOP OF THE 8TH
Gwinnett Stripers batting - Pitching for Columbus Clippers : RHP José Campos
Batting: RHB Juan Cervantes 0-0: Ball
1-0: Foul Ball, location: 2RF
1-1: Swinging Strike
1-2: Ball
2-2: Foul Ball, location: 2F
2-2: Ball
3-2: Foul Ball, location: 7LMF
3-2: Foul Ball, location: 7LDF
3-2: Foul Ball, location: 2F
3-2: TRIPLE (Flyball, 89XD, EV 94.4 MPH)
Pitching: LHP Juan Batlsta
Batting: RHB Chris Sullivan 0-0: Fly out, F4 (Line Drive, 4, EV 68.8 MPH)
Batting: RHB César Plone 0-0: Fly out, F9 (Flyball, 9, EV 96.9 MPH)
Runner from 3rd tags up, SCORES, throw by RF
Batting: SHB Kevin Hicks 0-0: Ground out 6-3 (Groundball, 6S, EV 88.8 MPH)
Top of the 8th over - 1 run, 1 hit, 0 errors, 0 left on base; Gwinnett 10 - Columbus 3
BOTTOM OF THE 8TH
Columbus Clippers batting - Pitching for Gwinnett Stripers : LHP Chris Floyd
Batting: RHB Tony Ávila 0-0: Called Strike
0-1: Ball
1-1: Fly out, F8 (Flyball, 8LD, EV 101.3 MPH)
Pinch Hitting: LHB Jonathon Jones 0-0: Called Strike
0-1: Swinging Strike
0-2: Strikes out swinging
Pinch Hitting: RHB Bob Cole 0-0: Foul Ball, location: 23F
0-1: Foul Ball, location: 2F
0-2: Strikes out looking
Bottom of the 8th over - 0 runs, 0 hits, 0 errors, 0 left on base; Gwinnett 10 - Columbus 3
TOP OF THE 9TH
Gwinnett Stripers batting - Pitching for Columbus Clippers : LHP Juan Batlsta
Now at 3B: Bob Cole
Now in LF: Oliver Pérez
Batting: RHB Sean Prince 0-0: Ball
1-0: Ball
2-0: SINGLE (Line Drive, 7S, EV 108.8 MPH)
Batting: LHB Víctor Castro 0-0: Ball
1-0: Ball
2-0: Foul Ball, location: 23F
2-1: Ball
3-1: Base on Balls
Sean Prince to second
Batting: RHB Shawn Wright 0-0: Ball
1-0: Swinging Strike
1-1: Grounds into double play, 4-6-3 (Groundball, 4, EV 104.4 MPH)
Sean Prince to third
Batting: SHB Rob Alford 0-0: Foul Ball, location: 2F
0-1: Ball
Wild Pitch!
Sean Prince scores
1-1: Ball
2-1: Ball
3-1: Called Strike
3-2: Fly out, F8 (Flyball, 8RD, EV 93.8 MPH)
Top of the 9th over - 1 run, 1 hit, 0 errors, 0 left on base; Gwinnett 11 - Columbus 3
BOTTOM OF THE 9TH
Columbus Clippers batting - Pitching for Gwinnett Stripers : LHP Chris Floyd
Pinch Hitting: RHB Arturo Díaz 0-0: Swinging Strike
0-1: Fly out, F9 (Line Drive, 9, EV 89.4 MPH)
Batting: RHB Bob Meegan 0-0: Ball
1-0: Foul Ball, location: 3DF
1-1: Ball
2-1: Swinging Strike
2-2: Ball
3-2: Foul Ball, location: 3FF
3-2: Foul Ball, location: 2F
3-2: Foul Ball, location: 9LDF
3-2: Strikes out swinging
Batting: RHB Ken Ladd 0-0: Foul Ball, location: 2F
0-1: Ball
1-1: Called Strike
1-2: SINGLE (Groundball, 6MD, EV 101.9 MPH)
Batting: LHB Mike Hatfield 0-0: Called Strike
0-1: Foul Ball, location: 2F
0-2: Ball
1-2: Fly out, F7 (Flyball, 7LSF, EV 94.4 MPH)
Bottom of the 9th over - 0 runs, 1 hit, 0 errors, 1 left on base; Gwinnett 11 - Columbus 3
Monday, April 1st , 2024 - OOTP Baseball 24.10 Build 82